Map: Jagannatha LE

Players

BigTasty

  • Race: Zerg Zerg
  • League: Gold

Shooter - Winner!

  • Race: Terran Terran
  • League: Gold

VOD

Have the link to the VOD?

Description

Time

  • Played on: Aug. 21, 2021, 10:41 a.m.
  • Length: 19:41
Show
View Real Time Build Order
Export as new Build Order

BigTasty Zerg 

Build Orders: Hatch First 

Get SALT Encoding   

  12  0:00  Drone  
  13  0:12  Overlord  
  13  0:16  Drone  
  14  0:30  Drone x2  
  14  0:35  Drone  
  17  0:45  Drone  
  18  0:56  Drone  
  19  1:01  Hatchery  
  18  1:06  Drone  
  19  1:19  Spawning Pool  
  19  1:21  Drone  
  19  1:28  Drone  
  20  1:37  Extractor  
  20  1:39  Drone  
  20  1:49  Drone  
  21  2:03  Overlord  
  21  2:12  Queen  
  23  2:20  Overlord x2  
  23  2:23  Queen  
  23  2:24  Drone  
  23  2:25  Drone  
  27  2:32  Drone  
  28  2:38  Drone  
  28  2:43  Drone  
  30  2:45  Drone  
  31  2:52  Roach Warren  
  31  2:53  Drone  
  31  2:57  Drone  
  32  3:04  Queen  
  32  3:05  Drone  
  35  3:07  Drone, Lair  
  36  3:15  Drone  
  36  3:17  Drone  
  36  3:18  Extractor  
  37  3:29  Drone  
  37  3:30  Drone  
  37  3:32  Drone  
  37  3:33  Drone  
  37  3:34  Hatchery  
  40  3:35  Drone  
  40  3:37  Drone  
  40  3:39  Drone  
  40  3:41  Drone  
  44  3:46  Overlord  
  44  4:06  Drone x2, Extractor  
  44  4:08  Drone x2  
  47  4:10  Roach  
  47  4:11  Roach  
  47  4:14  Overlord  
  47  4:15  Overlord  
  51  4:27  Drone  
  52  4:33  Roach  
  52  4:34  Roach x3  
  52  4:38  Glial Reconstitution  
  60  4:39  Drone  
  60  4:40  Drone  
  62  4:48  Drone x2  
  62  4:51  Queen  
  62  4:52  Drone x3  
  69  4:53  Drone  
  69  4:59  Drone  
  74  5:00  Drone x3  
  74  5:12  Overlord x2  
  74  5:13  Overlord x2  
  74  5:20  Overlord x2  
  74  5:38  Drone  
  74  5:39  Drone x5, Hatchery  
  79  5:47  Drone  
  79  5:48  Drone x3  
  79  5:49  Drone x2  
  85  5:52  Extractor  
  85  5:53  Drone x2, Extractor  
  85  5:54  Drone  
  85  5:55  Overlord  
  86  6:17  Drone  
  86  6:18  Drone x9  
  81  6:25  Roach  
  81  6:26  Roach  
  79  6:33  Roach x5  
  81  6:41  Roach x6  
  93  6:51  Hydralisk Den  
  92  6:56  Extractor  
  92  6:59  Roach x5  
  92  7:01  Extractor  
  100  7:24  Queen  
  100  7:27  Queen  
  100  7:29  Hatchery  
  101  7:32  Roach x3  
  107  7:44  Hydralisk  
  107  7:45  Hydralisk x7  
  107  7:47  Drone x2  
  107  7:48  Drone x4  
  123  8:10  Spore Crawler  
  122  8:14  Spore Crawler  
  122  8:19  Spore Crawler  
  116  8:31  Infestation Pit  
  115  8:35  Grooved Spines  
  115  8:36  Drone  
  115  8:37  Drone x12  
  128  8:41  Drone x2  
  130  8:53  Queen  
  132  9:06  Drone x4  
  136  9:15  Overlord x6  
  136  9:34  Overlord x4  
  136  9:36  Hatchery  
  136  9:38  Drone x2  
  137  9:39  Drone x3  
  137  9:41  Drone  
  137  9:42  Extractor  
  137  9:43  Drone  
  137  9:44  Drone x2  
  143  9:46  Muscular Augments, Drone x2  
  143  9:47  Drone  
  143  9:49  Drone  
  143  9:51  Drone  
  148  9:55  Extractor  
  147  10:01  Hive  
  144  10:21  Drone  
  144  10:22  Drone x3  
  148  10:33  Hydralisk x8  
  148  10:34  Hydralisk x2  
  156  10:51  Drone x3  
  156  10:52  Hydralisk x7  
  159  11:05  Hydralisk x9  
  149  11:13  Hydralisk x5  
  149  11:16  Hydralisk  
  157  11:23  Queen  
  159  11:27  Hatchery  
  158  11:34  Extractor  
  158  11:38  Extractor  
  156  11:41  Hydralisk  
  156  11:42  Hydralisk x12  
  179  12:07  Drone  
  179  12:08  Drone x3  
  183  12:09  Hydralisk  
  183  12:10  Hydralisk x7  
  169  12:48  Queen  
  169  12:51  Hydralisk x11  
  149  12:52  Hydralisk x16  
  189  13:02  Hydralisk x4  
  173  13:13  Evolution Chamber  
  173  13:16  Hydralisk  
  173  13:17  Evolution Chamber, Hydralisk x8  
  189  13:23  Hatchery  
  188  13:42  Hatchery  
  188  13:48  Hydralisk x6  
  133  14:04  Hydralisk x13  
  129  14:23  Hydralisk  
  129  14:24  Hydralisk x6  
  129  14:30  Zerg Missile Weapons Level 1  
  143  14:52  Hydralisk x10  
  163  15:07  Drone x6  
  163  15:08  Drone x2  
  163  15:10  Hydralisk x4  
  163  15:11  Hydralisk x5  
  189  15:26  Hatchery  
  188  15:40  Queen  
  188  15:41  Hydralisk  
  188  15:42  Hydralisk x4  
  174  16:09  Hydralisk  
  174  16:10  Hydralisk x21  
  174  16:11  Hydralisk x5  
  186  16:13  Extractor x2, Hydralisk  
  127  16:56  Drone x9  
  127  16:58  Drone x7  
  143  17:17  Hydralisk x13  
  164  17:40  Hydralisk x2  
  164  17:41  Hydralisk x11  
  174  17:57  Drone x8  
  174  17:58  Drone x3  
  111  18:14  Roach  
  111  18:15  Roach x10  
  133  18:25  Drone x2  
  135  18:40  Hatchery  
  134  18:53  Overseer x2  
  76  19:20  Roach  
  76  19:21  Roach x4  
  76  19:22  Roach x10  
Show
View Real Time Build Order
Export as new Build Order

Shooter Terran - Winner!

Build Orders:  

Get SALT Encoding   

  12  0:01  SCV  
  13  0:13  SCV  
  14  0:20  Supply Depot  
  14  0:25  SCV  
  15  0:42  SCV  
  16  0:44  Barracks  
  16  0:54  SCV  
  17  1:06  SCV  
  18  1:19  Command Center  
  18  1:31  Orbital Command  
  18  1:32  Marine  
  19  1:48  Barracks  
  19  1:51  Marine  
  19  1:54  Supply Depot  
  20  2:01  SCV  
  21  2:08  Marine  
  21  2:13  Barracks  
  22  2:22  SCV  
  23  2:26  Marine  
  24  2:30  Orbital Command  
  24  2:32  Refinery  
  24  2:38  Marine  
  24  2:43  SCV  
  26  2:47  Refinery  
  26  2:51  Refinery  
  26  2:55  SCV  
  27  3:02  Marine  
  27  3:03  SCV  
  29  3:12  Engineering Bay  
  29  3:19  SCV x2  
  31  3:26  Factory  
  31  3:32  Barracks Tech Lab  
  31  3:34  Supply Depot, SCV x2  
  33  3:43  Barracks Reactor  
  33  3:45  Barracks Tech Lab  
  33  3:46  SCV  
  34  3:48  Terran Infantry Weapons Level 1  
  34  3:49  SCV  
  35  3:58  SCV  
  36  4:08  Concussive Shells  
  36  4:10  Supply Depot, Stimpack  
  36  4:12  Factory Reactor  
  36  4:16  SCV  
  38  4:17  SCV, Refinery  
  38  4:25  Starport  
  38  4:33  SCV  
  38  4:34  SCV  
  38  4:35  Supply Depot  
  40  4:39  Supply Depot, Marauder  
  40  4:42  Marauder  
  44  4:48  Marine x2  
  46  4:54  SCV x2  
  46  4:59  Combat Shield  
  48  5:02  Factory Tech Lab  
  48  5:04  Marine x2  
  48  5:06  Marine x2  
  52  5:09  Medivac  
  52  5:11  Medivac  
  57  5:14  SCV x2  
  58  5:29  Command Center  
  58  5:33  SCV  
  59  5:39  Viking  
  59  5:40  Marine x2  
  59  5:41  Marine x2  
  65  5:56  Barracks  
  65  5:58  Barracks  
  65  6:01  Barracks  
  65  6:03  Marine  
  68  6:04  Marauder  
  68  6:08  Siege Tank  
  71  6:32  Marine  
  67  6:33  Marauder  
  67  6:34  Terran Infantry Armor Level 1  
  69  6:40  Medivac  
  69  6:41  Siege Tank  
  71  7:17  Marine x2  
  71  7:19  Barracks Tech Lab  
  71  7:20  Barracks Reactor x2  
  70  7:43  Marine x2  
  70  7:44  Marine, Marauder  
  73  7:49  Marine  
  73  7:50  Siege Tank  
  73  7:51  SCV x2  
  78  7:52  Orbital Command  
  79  8:00  Marine x2  
  79  8:02  Medivac x2, Marauder  
  89  8:05  Marauder  
  89  8:19  Orbital Command  
  84  8:27  Marine x3  
  84  8:28  Marauder x2  
  84  8:29  Marine x2  
  84  8:30  Command Center  
  93  8:46  SCV  
  93  8:49  Missile Turret  
  93  8:50  SCV x2  
  93  8:51  Marauder  
  93  8:53  Marine, Sensor Tower  
  93  8:54  Marauder  
  93  8:55  Neosteel Armor  
  100  8:58  SCV  
  100  9:00  Engineering Bay  
  101  9:07  Armory  
  101  9:16  Sensor Tower  
  101  9:23  Supply Depot  
  101  9:28  Armory  
  101  9:29  Supply Depot  
  101  9:33  Hi-Sec Auto Tracking  
  101  9:42  SCV x3  
  104  9:49  Supply Depot, Command Center  
  104  9:53  SCV  
  104  9:54  SCV x3  
  104  9:58  Missile Turret  
  108  10:00  Starport, Refinery  
  108  10:26  Refinery  
  108  10:34  Planetary Fortress  
  108  10:35  Marine x3  
  103  10:36  Marine, Marauder x2  
  111  10:50  Starport Tech Lab  
  111  10:52  SCV  
  106  11:08  Marine x2, Marauder  
  106  11:09  SCV x3, Marauder x2  
  109  11:18  Widow Mine  
  111  11:19  Marine  
  111  11:21  SCV  
  111  11:24  Raven  
  111  11:25  SCV x3  
  118  11:29  Planetary Fortress  
  118  11:30  Marauder  
  120  11:33  SCV, Command Center  
  120  11:39  Widow Mine  
  113  11:52  Marine x5  
  113  11:53  Marauder x3  
  120  11:55  Marine  
  120  11:57  SCV x3  
  124  12:06  Terran Infantry Armor Level 2, Terran Infantry Weapons Level 2  
  124  12:07  Raven  
  123  12:09  Marine  
  123  12:10  Marine  
  123  12:13  Marine  
  123  12:14  Marine, Marauder x3  
  128  12:18  Terran Ship Weapons Level 1, Terran Vehicle Weapons Level 1  
  128  12:24  Ghost Academy x2  
  128  12:25  SCV x2  
  128  12:29  Siege Tank  
  115  12:55  Fusion Core  
  115  12:57  Ghost Academy  
  108  13:01  Siege Tank  
  108  13:09  Marine x2  
  108  13:10  Marauder  
  112  13:15  Missile Turret  
  112  13:16  Missile Turret  
  112  13:17  Marine x4  
  112  13:18  Marauder x2  
  120  13:27  Marine  
  113  13:28  Marine  
  113  13:30  Planetary Fortress  
  113  13:31  Marauder  
  117  13:34  Refinery  
  117  13:35  Siege Tank, Marine  
  117  13:36  Refinery  
  117  13:39  Marauder  
  113  13:57  Marine x4, Marauder x2  
  113  14:01  Marauder  
  116  14:06  Marine x2  
  116  14:08  SCV  
  116  14:09  SCV x2  
  112  14:14  Marine, Terran Vehicle Weapons Level 2  
  112  14:15  Marine x2, Terran Vehicle And Ship Armor Level 1  
  113  14:17  Personal Cloaking  
  113  14:18  Nuke x2  
  113  14:19  Marauder x2  
  113  14:22  Marauder  
  119  14:29  Command Center  
  119  14:32  Barracks  
  119  14:35  Marine, Missile Turret  
  120  14:39  Ghost x2  
  120  14:43  Marauder  
  120  14:45  SCV x4  
  130  14:53  Missile Turret  
  130  14:54  Marine  
  130  14:56  Terran Infantry Weapons Level 3  
  130  14:57  Terran Infantry Armor Level 3, Barracks, Missile Turret  
  130  14:58  Raven  
  133  15:00  SCV, Missile Turret  
  133  15:02  SCV  
  133  15:03  SCV  
  136  15:09  Missile Turret  
  136  15:12  Supply Depot x2  
  136  15:20  Ghost Academy  
  136  15:24  Ghost Academy  
  136  15:31  Ghost x3  
  136  15:32  Marine  
  136  15:34  Barracks Tech Lab  
  143  15:41  Raven  
  145  15:43  Nuke  
  145  16:00  Marauder  
  139  16:06  Marine x2  
  139  16:07  Marine x3, Marauder x2  
  139  16:08  Barracks Reactor, Marauder  
  139  16:18  Marine  
  139  16:21  Marauder  
  139  16:24  Marine x2  
  142  16:27  Nuke x2  
  142  16:28  Ghost, Marauder  
  142  16:29  Marauder  
  142  16:30  Nuke x2  
  142  16:32  Marine  
  149  16:33  Terran Vehicle Weapons Level 3, Terran Ship Weapons Level 2  
  149  16:39  Planetary Fortress  
  149  16:40  Marine  
  149  16:41  Marine x2  
  149  16:43  Marauder  
  149  16:45  Marine  
  155  16:50  Marauder x2  
  159  16:57  Marauder  
  159  16:58  Nuke  
  161  17:02  Marine x2  
  161  17:04  Marauder  
  165  17:09  Marine  
  165  17:11  Marauder  
  165  17:12  Marauder  
  170  17:25  Ghost, Marine x2  
  170  17:28  Nuke  
  170  17:29  Nuke  
  172  17:37  Ghost x2, Marine  
  172  17:38  Marine x3  
  172  17:39  Marauder  
  166  18:19  Ghost  
  166  18:20  Marine  
  166  18:21  Marauder  
  168  18:54  Marine x3  
  168  18:55  Marine x2, Marauder x2  
  179  18:56  Marauder x2  
Tags
 
Add a new tag
Caveats
  • Supply blocks, unpowered buildings, or Contaminate may cause inaccurate times.
  • Supply counts are checked every 10 seconds.